 Dungeon Crawl Stone Soup version 0.30-a0-605-gb2882149bf (webtiles) character file.

Game seed: 14472281030017698920

85 rogsnak the Gusty (level 4, -6/33 HPs)
             Began as a Draconian Air Elementalist on Jan 7, 2023.
             Killed by divine providence
             ... invoked by an orc priest
              (9 damage)
             ... on level 3 of the Dungeon.
             The game lasted 00:04:07 (2390 turns).

rogsnak the Gusty (Draconian Air Elementalist)      Turns: 2390, Time: 00:04:08

Health: -6/33      AC:  7    Str: 11    XL:     4   Next: 25%
Magic:  0/7        EV: 12    Int: 17    God:
Gold:   69         SH:  0    Dex: 11    Spells: 6/7 levels left

rFire   . . .      SeeInvis .    u - +0 flail
rCold   . . .      Faith    .    (no shield)
rNeg    . . .      Spirit   .    (body armour unavailable)
rPois   .          Reflect  .    (helmet restricted)
rElec   .          Harm     .    v - +0 cloak
rCorr   .          Rampage  .    m - +0 pair of gloves
Will    .....                    (no boots)
Stlth   ++                       (no amulet)
HPRegen 0.25/turn                (no ring)
MPRegen 0.10/turn                (no ring)

@: no status effects
A: AC +5, unfitting armour, cold-blooded
a: no special abilities


You were on level 3 of the Dungeon.
You visited 1 branch of the dungeon, and saw 3 of its levels.

You collected 69 gold pieces.

Inventory:

Hand Weapons
 f - a +0 dagger
 q - a +0 war axe
 u - a +0 flail (weapon)
Missiles
 c - 7 stones
Armour
 m - a +0 pair of gloves (worn)
 v - a +0 cloak (worn)
Wands
 r - a wand of roots (10)
Scrolls
 d - 2 scrolls of immolation {unknown}
 h - 2 scrolls of magic mapping {unknown}
 i - a scroll of torment {unknown}
 j - a scroll of fog {unknown}
 k - a scroll of fear {unknown}
 n - 2 scrolls of enchant weapon {unknown}
 o - a scroll of noise {unknown}
 p - a scroll of amnesia {unknown}
 t - 3 scrolls of identify {unknown}
Potions
 a - a potion of magic
 b - 2 potions of curing {unknown}
 e - 2 potions of resistance {unknown}
 g - a potion of attraction {unknown}
 l - 3 potions of might {unknown}
 s - a potion of heal wounds {unknown}


   Skills:
 + Level 0.1 Fighting
 + Level 2.1 Dodging
 + Level 1.9 Stealth
 + Level 2.4 Spellcasting
 * Level 2.3 Conjurations
 + Level 3.9 Air Magic


You had 6 spell levels left.
You knew the following spells:

 Your Spells              Type           Power      Damage    Failure   Level
a - Shock                 Conj/Air       48%        1d6       5%          1

Your spell library contained the following spells:

 Spells                   Type           Power      Damage    Failure   Level
 Static Discharge         Conj/Air       24%        2-3/arc   8%          2
 Swiftness                Air            15%        N/A       11%         3
 Airstrike                Air            7%         2d(2-18)  36%         4


Dungeon Overview and Level Annotations

Branches:
Dungeon (3/15)

Altars:
The Shining One


Innate Abilities, Weirdness & Mutations

Your plain brown scales are hard. (AC +5)
You cannot fit into any form of body armour.
You are cold-blooded and may be slowed by cold attacks.


Message History

Press: ? - help, Shift-Dir - straight line, f/p - orc priest
Aim: an orc priest, wielding a +0 quarterstaff and wearing a +0 ring mail (almost dead, 72% to hit)
The zap hits the orc priest but does no damage.
The orc priest is almost dead.
The orc priest hits you with a +0 quarterstaff.
Unknown command.
Casting: Shock (safe; 5% risk of failure)
Confirm with . or Enter, or press ? or * to list all spells.
You don't have enough magic to cast this spell.
Unknown command.
Unknown command.
You barely miss the orc priest.
The orc priest is almost dead.
The orc priest invokes the aid of Beogh against you.
Beogh smites you!
Your magical contamination has completely faded away.
You barely miss the orc priest.
You tail-slap the orc priest, but do no damage.
The orc priest is almost dead.
The orc priest barely misses you.
Casting: Shock (safe; 5% risk of failure)
Confirm with . or Enter, or press ? or * to list all spells.
You don't have enough magic to cast this spell.
Unknown command.
Unknown command.
You hit the orc priest but do no damage.
The orc priest is almost dead.
The orc priest hits you with a +0 quarterstaff!
* * * LOW HITPOINT WARNING * * *
The orc priest hits you but does no damage.
You hit the orc priest but do no damage.
The orc priest is almost dead.
The orc priest closely misses you.
You barely miss the orc priest.
The orc priest is almost dead.
The orc priest hits you with a +0 quarterstaff.
* * * LOW HITPOINT WARNING * * *
The orc priest invokes the aid of Beogh against you.
Beogh smites you!
You die...

## ... #.... #.. #....
#.# #...# #.# #...# #.#
#####..)#####
#.####.......#... .#
..o....####..#.#####.#
..###..###.....o@....#
..#......[[.......##.#
.##.#..#####.........##
.##.#..#####..........#
......).).............#
###.#######.#.#.###...#
#.# #.#.#.......# #.#
####.#.......#.# #.#
#.......######.#


You could see an orc priest.

Vanquished Creatures
  An adder (D:2)
  A worm (D:2)
  A dart slug (D:2)
  10 orcs
  3 ball pythons
  4 bats
  4 endoplasms
  4 giant cockroaches
  2 goblins (D:3)
  7 hobgoblins
  2 jackals (D:1)
  3 quokkas
  3 frilled lizards (D:1)
  2 kobolds
  7 rats
54 creatures vanquished.

Notes
Turn   | Place    | Note
-------+----------+-------------------------------------------
     0 | D:1      | rogsnak the Draconian Air Elementalist began the quest for
                  | the Orb.
     0 | D:1      | Reached XP level 1. HP: 14/14 MP: 3/3
   310 | D:1      | Reached XP level 2. HP: 15/20 MP: 3/5
   748 | D:1      | Reached XP level 3. HP: 26/26 MP: 3/6
  1503 | D:2      | Found a faded altar of an unknown god.
  1708 | D:2      | Found a glowing golden altar of the Shining One.
  2012 | D:3      | Reached XP level 4. HP: 33/33 MP: 0/7
  2390 | D:3      | Killed from afar by an orc priest

Illustrated notes

Levels and vault maps discovered:
D:1:      psy_arrival_dodecagon, layout_rooms, nicolae_eternal_life
D:2:      layout_loops_cross, shapermc_ecumenical_altar_totnotflames,
          basic_altar
D:3:      layout_loops_cross, gammafunk_ghost_nasty_kobolds, minmay_circle_x,
          uniq_terence

Skill      XL: |  1  2  3 |
---------------+----------+-----
Dodging        | 2 |  2.1
Conjurations   | 2 |  2.3
Fighting       | |  0.1
Stealth        | |  1.9
Spellcasting   | |  2.4
Air Magic      | |  3.9

Action                   |  1- 3 |  4- 6 || total
-------------------------+-------+-------++-------
Melee: Dagger            |    30 |       ||    30
       Unarmed           |    15 |       ||    15
       Tailslap          |     4 |     5 ||     9
       War axe           |     8 |       ||     8
       Flail             |     1 |    20 ||    21
 Cast: Shock             |    84 |    26 ||   110
 Stab: Sleeping          |     2 |       ||     2
Armor: Skin              |    20 |    14 ||    34
Dodge: Dodged            |    36 |    11 ||    47

Table legend: (Time is in decaauts)
 A = Elapsed time spent in this place.
 B = Non-inter-level travel time spent in this place.
 C = Inter-level travel time spent in this place.
 D = Time resting spent in this place.
 E = Time spent auto-exploring this place.
 F = Levels seen in this place.
 G = Mean time per level.
                   A        B        C        D        E       F      G
               +--------+--------+--------+--------+--------+-----+--------+
         Total |   2402 |   2356 |     46 |    237 |   1622 |   3 |  800.7 |
       Dungeon |   2402 |   2356 |     46 |    237 |   1622 |   3 |  800.7 |
               +--------+--------+--------+--------+--------+-----+--------+

Top non-repeatable levels by time:
     D:2: 1177 daAuts
     D:1: 912 daAuts
     D:3: 312 daAuts
